Map: Abyssal Reef LE

Players

Julles - Winner!

  • Race: Terran Terran
  • League: Diamond
  • Spawn Location: 5:00

AbsintheDrip

  • Race: Zerg Zerg
  • Spawn Location: 11:00

VOD

Have the link to the VOD?

Description

Combat-Shield-Push with ~18 Marines

Time

  • Played on: Jan. 25, 2017, 1:31 p.m.
  • Length: 8:07
Show
View Real Time Build Order
Export as new Build Order

Julles Terran - Winner!

Build Orders: MMM Bio 

Get SALT Encoding   

  12  0:02  SCV  
  13  0:14  SCV  
  13  0:18  Supply Depot  
  14  0:26  SCV  
  15  0:40  SCV  
  15  0:42  Barracks  
  16  0:47  Refinery  
  16  0:52  SCV  
  17  1:04  SCV  
  18  1:18  SCV  
  20  1:34  Barracks Reactor  
  20  1:35  Orbital Command  
  19  1:42  Command Center  
  19  1:53  Barracks  
  19  2:01  SCV  
  20  2:05  Supply Depot  
  20  2:12  Marine  
  20  2:13  SCV  
  20  2:14  Marine  
  23  2:26  SCV  
  23  2:29  Marine  
  24  2:32  Marine  
  24  2:34  Engineering Bay  
  26  2:38  SCV  
  26  2:42  Barracks Tech Lab  
  27  2:47  Marine  
  27  2:50  Marine  
  29  2:55  Orbital Command  
  29  2:56  SCV  
  30  3:05  Marine  
  31  3:07  Combat Shields  
  31  3:08  SCV, Marine  
  33  3:14  Marine  
  33  3:16  Terran Infantry Weapons Level 1  
  34  3:21  SCV  
  34  3:22  SCV  
  34  3:23  Marine  
  34  3:26  Supply Depot  
  37  3:29  Marine  
  37  3:32  Marine  
  37  3:34  SCV  
  40  3:35  SCV  
  40  3:41  Marine  
  42  3:43  Supply Depot  
  42  3:46  SCV  
  42  3:47  Marine  
  44  3:49  SCV, Marine  
  46  3:58  SCV, Marine  
  46  4:01  SCV  
  49  4:05  Marine  
  49  4:07  Marine  
  51  4:10  SCV  
  51  4:13  SCV  
  51  4:16  Marine  
  54  4:22  SCV  
  54  4:23  Command Center, Marine  
  56  4:25  SCV, Marine  
  58  4:33  Stimpack  
  58  4:34  Factory, Marine  
  60  4:38  SCV  
  60  4:40  SCV  
  60  4:42  Supply Depot  
  60  4:45  Barracks  
  61  4:47  Barracks  
  61  4:50  SCV  
  61  4:52  Supply Depot  
  62  5:01  SCV  
  62  5:04  SCV  
  62  5:06  Marine x3  
  63  5:10  Refinery  
  63  5:14  SCV  
  59  5:15  Barracks  
  59  5:16  Barracks, SCV  
  56  5:21  Factory Reactor  
  56  5:24  Marine x3  
  56  5:26  SCV, Starport  
  56  5:28  SCV  
  59  5:37  Barracks Reactor  
  59  5:38  SCV, Barracks Reactor  
  59  5:40  SCV  
  59  5:41  Marine  
  60  5:44  Orbital Command  
  58  5:50  SCV  
  58  5:53  Marine x2  
  61  5:57  Terran Infantry Armor Level 1  
  61  5:58  SCV  
  62  6:05  Orbital Command, Refinery  
  62  6:06  Starport Reactor, Refinery  
  62  6:15  Missile Turret  
  62  6:16  Missile Turret  
  62  6:17  Missile Turret  
  62  6:18  Missile Turret  
  62  6:19  Missile Turret  
  62  6:22  Medivac  
  62  6:23  Engineering Bay, Marine x4  
  62  6:24  Marine x3  
  72  6:26  Marine, Barracks Reactor  
  72  6:35  Supply Depot  
  72  6:39  Supply Depot  
  72  6:40  Supply Depot  
  72  6:41  SCV, Marine x7  
  72  6:44  Marine  
  81  6:51  Supply Depot x2  
  81  6:52  Medivac  
  81  6:53  SCV  
  84  6:59  Marine  
  84  7:00  SCV x2  
  87  7:01  Armory  
  87  7:04  Missile Turret  
  87  7:05  SCV  
  87  7:06  Marine  
  89  7:09  Marine x3  
  89  7:13  Bunker  
  92  7:16  Marine x3  
  92  7:18  SCV, Marine  
  92  7:22  SCV x2  
  99  7:25  Supply Depot  
  99  7:28  Factory Reactor  
  99  7:30  SCV  
  99  7:32  Marine x4  
  99  7:33  Factory  
  99  7:36  Medivac  
  106  7:41  Marine x4  
  106  7:42  Marine x2  
  106  7:43  SCV  
  113  7:44  SCV  
Show
View Real Time Build Order
Export as new Build Order

AbsintheDrip Zerg 

Build Orders: Hatch First 

Get SALT Encoding   

  12  0:01  Drone  
  13  0:12  Overlord  
  13  0:18  Drone  
  14  0:31  Drone x2  
  16  0:38  Drone  
  17  0:56  Hatchery  
  16  0:59  Drone  
  16  1:00  Drone  
  16  1:03  Extractor  
  17  1:07  Drone  
  18  1:21  Spawning Pool  
  18  1:24  Drone  
  18  1:29  Drone  
  19  1:39  Drone  
  20  1:49  Overlord  
  20  2:08  Metabolic Boost  
  20  2:09  Queen  
  20  2:10  Queen  
  20  2:14  Zergling x2  
  20  2:15  Zergling x2  
  26  2:18  Drone  
  26  2:19  Drone  
  28  2:42  Drone  
  28  2:43  Hatchery  
  28  2:45  Drone  
  28  2:50  Pneumatized Carapace  
  29  2:59  Queen  
  31  3:09  Overlord, Drone  
  31  3:12  Drone  
  33  3:13  Drone  
  34  3:24  Drone x2  
  36  3:28  Overlord  
  36  3:30  Drone x2  
  36  3:31  Drone  
  39  3:36  Drone  
  39  3:37  Drone  
  41  3:47  Drone  
  41  3:48  Drone  
  43  4:00  Queen, Evolution Chamber x2  
  43  4:01  Overlord, Drone  
  43  4:02  Drone  
  45  4:05  Drone  
  45  4:08  Drone  
  45  4:09  Drone x2  
  49  4:13  Drone x2  
  51  4:17  Drone  
  51  4:18  Extractor  
  51  4:19  Drone, Extractor  
  51  4:20  Drone  
  52  4:26  Spore Crawler  
  51  4:32  Spore Crawler  
  51  4:36  Zergling x6  
  53  4:40  Spore Crawler  
  53  4:42  Zerg Melee Weapons Level 1  
  53  4:43  Zerg Ground Armor Level 1  
  52  4:51  Zergling x6  
  55  4:54  Zergling x4  
  57  5:04  Zergling x2  
  57  5:05  Zergling x4  
  49  5:08  Zergling x2  
  49  5:09  Zergling x10  
  40  5:28  Drone x5  
  44  5:29  Drone  
  42  5:53  Zergling x6  
  44  5:58  Drone  
  44  5:59  Drone x3  
  44  6:00  Baneling Nest  
  47  6:05  Drone x2  
  47  6:07  Spine Crawler  
  47  6:09  Spine Crawler, Drone x2  
  49  6:14  Drone x2  
  51  6:20  Drone  
  51  6:21  Drone  
  53  6:28  Drone x4  
  53  6:29  Drone  
  58  6:40  Lair  
  58  6:41  Overlord  
  58  6:42  Overlord  
  58  6:43  Zergling x2  
  58  6:44  Zergling x2  
  60  6:47  Drone x2  
  60  6:48  Drone  
  60  6:49  Drone  
  60  6:51  Drone  
  65  6:59  Overlord  
  65  7:12  Baneling x2  
  65  7:13  Baneling x4  
  65  7:14  Zergling x6  
  65  7:15  Overlord x2  
  68  7:23  Drone  
  68  7:24  Drone x4  
  73  7:31  Drone x4  
  73  7:33  Drone, Extractor  
  73  7:34  Drone x2, Extractor  
  73  7:35  Hatchery  
  73  7:36  Extractor x2  
  75  7:45  Spire  
  75  7:48  Baneling x3  
  75  7:49  Baneling  
Tags
 
Composition
MMM Bio
League
Diamond
Matchup
TvZ
Spawn Locations
Cross Positions
Add a new tag
Caveats
  • Supply blocks, unpowered buildings, or Contaminate may cause inaccurate times.
  • Supply counts are checked every 10 seconds.